 Dungeon Crawl Stone Soup version 0.21-a0-150-gc243083 (webtiles) character file.

220809 drasked the Sensei (level 18, -2/206 HPs)
             Began as a Troll Monk on July 26, 2017.
             Was the Champion of Jiyva.
             Hit by a silver javelin thrown by a merfolk javelineer (3 damage)
             ... on level 4 of the Shoals.
             The game lasted 02:34:04 (36130 turns).

drasked the Sensei (Troll Monk)                    Turns: 36130, Time: 02:34:05

Health: -2/206     AC: 12    Str: 19    XL:     18   Next: 5%
Magic:  0/17       EV: 25    Int: 10    God:    Jiyva [******]
Gold:   910        SH:  4    Dex: 28    Spells: 17/17 levels left

rFire    . . .     SeeInvis .     - Unarmed
rCold    + . .     Gourm    +   (no shield)
rNeg     . . .     Faith    .   x - +4 troll leather armour {regen}
rPois    .         Spirit   +   H - +2 hat {Int+3}
rElec    .         Reflect  .   X - scarf {Spirit}
rCorr    +         Harm     .   (gloves unavailable)
MR       +....                  (boots unavailable)
Stlth    +++.......             L - amulet of regeneration {+regen, !d}
HPRegen  1.64/turn              W - ring of the Ancients {Ice Str+4 Int+2 Stlth+}
MPRegen  0.15/turn              M - ring of protection from fire {rF+, !d}

@: about to teleport, very slow
A: unfitting armour, claws 3, fangs 1, large bone plates 1, fast metabolism 3,
gourmand, regeneration 1, robust 1, shaggy fur 1, tough skin 2, eyeballs 1,
gelatinous body 1, pseudopods 2
}: 2/15 runes: serpentine, slimy
a: Request Jelly, Slimify, Cure Bad Mutation, Renounce Religion


You were on level 4 of the Shoals.
You worshipped Jiyva.
Jiyva was exalted by your worship.
You were completely stuffed.

You visited 7 branches of the dungeon, and saw 37 of its levels.
You also visited: Ice Cave.

You collected 2147 gold pieces.
You spent 1237 gold pieces at shops.

Inventory:

Armour
 x - a +4 troll leather armour (worn) {regen}
   (You found it on level 13 of the Dungeon)
 C - a scarf of repulsion
   (You found it on level 2 of the Lair of Beasts)
 F - a +2 robe of cold resistance
   (You took it off Fannar on level 1 of the Lair of Beasts)
 H - a +2 hat of intelligence (worn)
   (You bought it in a shop on level 2 of the Orcish Mines)
 U - a +0 robe of positive energy
   (You took it off a salamander mystic on level 4 of the Snake Pit)
 X - a scarf of spirit shield (worn)
   (You found it on level 10 of the Dungeon)
Jewellery
 o - an uncursed ring of magical power {MP+9}
   (You found it on level 3 of the Dungeon)
 r - an uncursed ring of ice {rC+, rF-}
   (You found it on level 4 of the Dungeon)
 J - an uncursed ring of see invisible {sInv, !d}
   (You found it on level 7 of the Dungeon)
 L - an amulet of regeneration (around neck) {+regen, !d}
   (You bought it in a shop on level 2 of the Orcish Mines)
 M - a ring of protection from fire (right claw) {rF+, !d}
   (You found it on level 2 of the Snake Pit)
 W - the ring of the Ancients (left claw) {Ice Str+4 Int+2 Stlth+}
   (You found it on level 4 of the Shoals)

   [ring of ice]

   It enhances your ice magic.
   It affects your strength (+4).
   It affects your intelligence (+2).
   It makes you vulnerable to fire.
   It protects you from cold.
   It makes you more stealthy.
Wands
 i - a wand of digging (9/24)
   (You found it on level 3 of the Lair of Beasts)
 G - a wand of clouds (0/9)
   (You found it on level 8 of the Dungeon)
 N - a wand of iceblast (13/15)
   (You found it on level 3 of the Snake Pit)
 O - a wand of enslavement (11/24)
   (You found it on level 4 of the Snake Pit)
 P - a wand of digging (13/24)
   (You found it on level 9 of the Dungeon)
 Q - a wand of flame (9/48)
   (You found it on level 4 of the Snake Pit)
 R - a wand of disintegration (16/24)
   (You found it on level 4 of the Snake Pit)
Scrolls
 a - a scroll of magic mapping {!r}
 c - a scroll of blinking {!r}
 e - 9 scrolls of identify
 g - 6 scrolls of recharging
 h - a scroll of holy word {!r}
 j - 8 scrolls of teleportation
 m - 13 scrolls of remove curse
 n - 2 scrolls of enchant weapon
 p - 3 scrolls of enchant armour
 q - 4 scrolls of amnesia
 w - 2 scrolls of fear
 y - a scroll of immolation {!r}
 A - 2 scrolls of fog
Potions
 d - a potion of cancellation
 f - 2 potions of ambrosia
 k - 6 potions of brilliance
 l - 3 potions of heal wounds
 s - 2 potions of might
 t - 7 potions of curing
 z - 2 potions of invisibility
 D - 3 potions of flight
 E - 2 potions of haste
 I - a potion of resistance
 K - a potion of agility
 S - 2 potions of berserk rage {!q}
Comestibles
 b - 15 bread rations {@e1}
 u - 17 royal jellies
 v - 23 fruits
 B - 9 meat rations {@e2}
 T - 14 chunks of flesh {@w0}


   Skills:
 + Level 13.9 Fighting
 + Level 14.2 Dodging
 - Level 1.0 Stealth
 * Level 21.8 Unarmed Combat


You had 17 spell levels left.
You didn't know any spells.

Dungeon Overview and Level Annotations

Branches:
Dungeon (15/15)            Temple (1/1) D:5            Lair (6/6) D:10
 Shoals (4/4) Lair:3        Snake (4/4) Lair:2        Slime (5/5) Lair:5
    Orc (2/2) D:10            Elf (0/3) Orc:2        Vaults (0/5) D:13
 Depths (0/5) D:15

Altars:
Ashenzari
Cheibriados
Dithmenos
Elyvilon
Fedhas
Gozag
Hepliaklqana
Kikubaaqudgha
Makhleb
Nemelex Xobeh
Okawaru
Qazlal
Ru
Sif Muna
Trog
Uskayaw
Vehumet
Wu Jian
Xom
Yredelemnul
Zin
The Shining One
Beogh
Jiyva
Lugonu

Shops:
D:11 (   D:14 !(=:%   Orc:1 ?   Orc:2 *=([   Shoals:4 :   Snake:2 (   Snake:4 =

Annotations:
D:5 exclusion: 3 slaves, Pikel, Sigmund
D:7 drasked's ghost, novice TrMo
Lair:2 exclusion: 4 oklob plants
Lair:5 Snorg
Lair:6 exclusion: 2 oklob plants
Shoals:3 exclusion: Roxanne, Roxanne
Slime:5 Royal Jelly


Innate Abilities, Weirdness & Mutations

You are too large for most types of armour.
You have claws for hands.
Your metabolism is lightning-fast.
You like to eat raw meat.
Your natural rate of healing is unusually fast.
You are covered in fur. (AC +1)
You have very tough skin. (AC +2)
You have very sharp teeth.
You are partially covered in large bone plates. (SH +4)
You are robust. (+10% HP)
Your body has grown golden eyes which may confuse attackers. (Acc +3)
Your rubbery body absorbs attacks. (AC +1, EV +1)
Armour fits poorly on your large pseudopods.


Message History

You take 24 damage, and have 130/206 hp.
You now have 12/17 mp.
You eviscerate the water nymph!!!
You kill the water nymph!
The merfolk impaler misses you.
The merfolk throws a throwing net.
The throwing net misses you.
The throwing net hits the merfolk impaler.
The merfolk impaler is caught in the net!
You hear a splash.
The merfolk misses you.
The merfolk impaler struggles against the net.
The dream sheep ruffle their wool and motes of dream dust sparkle, to no effect.
The merfolk impaler struggles against the net.
You block the merfolk's attack.
You regained 3 hp, and now have 134/206 hp.
The dream sheep bleats!
The dream sheep barely misses you.
The merfolk impaler struggles against the net. x2
The merfolk hits you from afar with a trident.
The dream sheep ruffle their wool and motes of dream dust sparkle, to no effect.
The dream sheep misses you.
The merfolk impaler struggles against the net.
The net rips apart, and the merfolk impaler comes free!
You take 2 damage, and have 132/206 hp.
You now have 12/17 mp.
You block the merfolk's attack. The merfolk misses you.
You regained 2 hp, and now have 134/206 hp.
You claw the dream sheep! Your bite misses the dream sheep.
The merfolk barely misses you. The merfolk hits you with a trident!
You take 13 damage, and have 121/206 hp.
You now have 11/17 mp.
You closely miss the dream sheep. Your bite misses the dream sheep.
You bludgeon the dream sheep! The dream sheep barely misses you.
The merfolk impaler completely misses you.
The merfolk barely misses you.
You barely miss the dream sheep. You bludgeon the dream sheep.
You kill the dream sheep!
The merfolk hits you with a trident!
The merfolk impaler completely misses you.
You block the merfolk's attack.
The merfolk impaler hits you with a demon trident of freezing!!
The merfolk impaler freezes you.
The dream sheep ruffles its wool and motes of dream dust sparkle, to no effect.
The merfolk hits you but does no damage.
The merfolk impaler misses you. The merfolk barely misses you.
The dream sheep misses you.
A merfolk javelineer comes into view. It is wielding a spear.
Unknown command.
You take 36 damage, and have 85/206 hp.
You now have 8/17 mp.
The merfolk javelineer shouts!
The merfolk impaler completely misses you.
The merfolk javelineer throws a silver javelin.
The silver javelin hits you! The silver sears you!
You hear a splash.
The merfolk hits you from afar with a trident.
The merfolk impaler completely misses you.
The merfolk completely misses you.
The merfolk impaler hits you with a demon trident of freezing!
The merfolk impaler freezes you.
The merfolk javelineer throws a silver javelin.
The silver javelin hits you!!
* * * LOW HITPOINT WARNING * * *
The silver sears you!
* * * LOW HITPOINT WARNING * * *
You hear a splash.
You see here 2 silver javelins.
You take 51 damage, and have 34/206 hp.
MASSIVE DAMAGE!!
You now have 4/17 mp.
You claw the dream sheep! You bludgeon the dream sheep!
You kill the dream sheep!
The merfolk closely misses you.
The merfolk hits you from afar with a trident.
* * * LOW HITPOINT WARNING * * *
The merfolk impaler hits you with a demon trident of freezing.
* * * LOW HITPOINT WARNING * * *
A water nymph comes into view.
You take 3 damage, and have 31/206 hp.
As you read the scroll of teleportation, it crumbles to dust.
You feel strangely unstable.
The water nymph shouts!
The merfolk javelineer throws a silver javelin.
The silver javelin completely misses you.
You hear a splash.
The merfolk impaler hits you with a demon trident of freezing!
* * * LOW HITPOINT WARNING * * *
The merfolk misses you.
You take 10 damage, and have 21/206 hp.
You now have 2/17 mp.
You feel much better.
The merfolk hits you from afar with a trident!
* * * LOW HITPOINT WARNING * * *
The merfolk impaler hits you with a demon trident of freezing!
* * * LOW HITPOINT WARNING * * *
The merfolk impaler freezes you.
* * * LOW HITPOINT WARNING * * *
The merfolk javelineer throws a silver javelin.
The silver javelin hits you!
* * * LOW HITPOINT WARNING * * *
The silver sears you!
You die...

≈≈≈≈≈≈≈≈≈≈≈≈≈≈≈≈........
≈≈≈≈≈≈≈≈≈≈≈≈≈≈≈≈≈.......
≈≈≈≈≈≈≈≈≈≈≈≈≈≈≈≈≈.......
≈≈≈≈≈≈≈≈≈≈≈≈≈≈≈≈≈.......
≈≈m≈≈≈≈)≈≈≈≈≈≈≈≈≈.......
≈≈≈≈≈≈≈≈≈≈≈≈≈≈≈≈≈.......
≈≈≈≈≈≈[m†≈≈≈≈≈≈≈≈.......
≈≈m..≈≈m≈≈≈[≈≈≈≈≈.......
≈≈≈..≈≈@(m≈≈≈≈≈≈≈.......
≈.....≈≈≈≈≈≈≈≈≈≈≈.......
≈.....≈≈≈≈≈≈≈≈≈≈≈.......
#.....≈≈≈≈≈≈≈≈≈≈≈.....##
.....≈≈≈≈≈≈≈≈≈≈≈≈.....##
#....≈≈≈≈≈≈≈≈≈≈≈≈...^..#
#....≈≈≈≈≈≈≈≈≈≈≈≈.....##
≈...≈≈≈≈≈≈≈≈≈≈≈≈≈.....##
..........##


You could see a merfolk impaler, a merfolk javelineer, 2 merfolk and a water
nymph.

Vanquished Creatures
  Saint Roka (Orc:1)
  Donald (Snake:2)
  6 nagarajas
  Aizul (Snake:2)
  An orc warlord (Orc:1)
  Azrael (D:12)
  3 ettins
  3 merfolk javelineers (Shoals:4)
  4 merfolk impalers
  The ghost of drasked the Grappler, a journeyman TrMo (Lair:5)
  Fannar (Lair:1)
  14 naga warriors
  Harold (Lair:3)
  7 hydras
  Erica (D:8)
  A merfolk avatar (Shoals:3)
  A centaur warrior (D:14)
  8 anacondas
  3 merfolk aquamancers
  A death knight (D:15)
  12 two-headed ogres
  6 death yaks
  An ogre mage (D:15)
  2 satyrs (Shoals:3)
  3 orc high priests (Orc:2)
  12 naga sharpshooters
  Sonja (D:10)
  5 shock serpents
  Urug (D:11)
  6 skeletal warriors
  A salamander mystic (Snake:4)
  5 sea snakes
  10 naga ritualists
  An unseen horror (D:10)
  2 wizards (D:15)
  A wolf spider zombie (D:14)
  A necromancer (IceCv)
  5 orc knights
  7 harpies
  A phantasmal warrior (D:15)
  7 mana vipers
  A deep elf mage (D:11)
  6 orc sorcerers
  6 manticores
  6 fauns
  3 salamanders
  6 cyclopes
  A guardian serpent (Snake:3)
  Maurice (D:9)
  6 merfolk sirens
  10 ugly things
  3 centaur zombies
  An ice statue (IceCv)
  46 black mambas
  8 elephants
  A gargoyle (D:14)
  A torpor snail (Lair:6)
  3 water nymphs
  11 spiny frogs
  24 naga magi
  2 rime drakes
  8 komodo dragons
  11 freezing wraiths
  An efreet (D:15)
  A redback zombie (D:12)
  A queen bee (Lair:6)
  3 meliai (Lair:6)
  28 merfolk
  2 wind drakes
  A troll (shapeshifter) (D:15)
  2 polar bears (Lair:6)
  Prince Ribbit (D:9)
  7 trolls
  A slime creature (D:10)
  A raiju (D:11)
  8 hippogriffs
  4 hornets (Lair:6)
  5 blink frogs (Lair:4)
  8 snapping turtles
  6 dream sheep
  4 water elementals
  10 spriggans (Lair:6)
  A shadow (D:9)
  2 vampires
  2 wyverns
  2 fire elementals
  Grum (D:11)
  3 wraiths
  75 yaks
  2 steam dragons
  3 basilisks
  2 death yak simulacra (IceCv)
  4 hungry ghosts
  3 vampire mosquitoes (D:15)
  A warg (Orc:2)
  A two-headed ogre zombie (D:10)
  An acid dragon (D:11)
  43 nagas
  9 porcupines
  22 water moccasins
  3 hell hounds (D:12)
  A hornet zombie (D:11)
  3 black bears
  9 ice beasts
  32 orc warriors
  5 sky beasts
  3 phantoms
  12 ogres
  2 boggarts (Lair:6)
  29 wolves
  20 crocodiles
  8 centaurs
  A big kobold (D:8)
  21 bullfrogs
  A wyvern zombie (D:8)
  2 water moccasin zombies
  3 scorpions
  20 killer bees
  11 wights
  2 electric eels (Lair:1)
  2 howler monkeys (D:9)
  A quasit (D:10)
  11 crimson imps
  8 hounds
  4 jellies
  6 draconian simulacra (IceCv)
  23 orc wizards
  2 bullfrog skeletons
  18 orc priests
  6 centaur skeletons
  An iguana (D:6)
  15 worker ants
  5 troll simulacra (IceCv)
  A polar bear simulacrum (IceCv)
  A wolf simulacrum (IceCv)
  7 ogre zombies (D:10)
  A centaur simulacrum (IceCv)
  A hound zombie (D:8)
  A hound skeleton (D:10)
  2 worker ant zombies
  9 adders
  6 naga simulacra (IceCv)
  2 ogre simulacra (IceCv)
  A shadow imp (D:13)
  14 white imps
  2 worms
  7 leopard geckos
  55 orcs
  4 giant cockroaches
  5 goblins
  6 hobgoblins
  2 jackals (D:3)
  14 kobolds
  3 quokkas
  6 bats
  5 frilled lizards
  A goblin skeleton (D:10)
  5 goblin zombies (D:10)
  3 hobgoblin skeletons (D:10)
  3 hobgoblin zombies (D:10)
  A jackal zombie (D:7)
  A leopard gecko skeleton (D:7)
  A leopard gecko zombie (D:5)
  13 orc zombies (D:10)
  8 rats
  2 bushes (Lair:3)
  A butterfly (D:5)
  A fungus (Lair:2)
  5 plants
1076 creatures vanquished.

Vanquished Creatures (others)
  An acid blob (Slime:5)
  A nagaraja (Snake:3)
  An azure jelly (Slime:4)
  A death ooze (Slime:5)
  A centaur warrior (D:15)
  A naga sharpshooter (Snake:3)
  2 unseen horrors
  2 deep elf magi
  A shining eye (Slime:5)
  A manticore (D:15)
  A salamander (Snake:3)
  2 naga magi (Snake:3)
  A centaur zombie (D:12)
  An eye of devastation (Slime:5)
  An efreet (D:15)
  A troll (D:11)
  A hippogriff (D:11)
  30 slime creatures
  A water elemental (Shoals:4)
  4 golden eyes (Slime:5)
  4 nagas
  A water moccasin (Lair:1)
  A floating eye (Slime:5)
  An eye of draining (D:15)
  2 orc warriors (Orc:2)
  2 black bears (Lair:6)
  A boggart (Lair:6)
  A centaur (D:11)
  A big kobold (D:11)
  3 bullfrogs
  3 killer bees (D:11)
  A wight (D:14)
  254 jellies
  6 orc priests
  2 orc wizards
  A bullfrog skeleton (D:13)
  2 worker ants
  An adder (D:11)
  20 orcs
  2 kobolds (D:11)
  3 bushes (Lair:3)
  19 fungi
  17 plants
403 creatures vanquished.

Grand Total: 1479 creatures vanquished

Notes
Turn   | Place    | Note
-------+----------+-------------------------------------------
     0 | D:1      | drasked the Troll Monk began the quest for the Orb.
     0 | D:1      | Reached XP level 1. HP: 22/22 MP: 0/0
   191 | D:1      | Reached XP level 2. HP: 26/29 MP: 1/1
   712 | D:2      | HP: 6/29 [hobgoblin (4)]
   713 | D:2      | Reached XP level 3. HP: 7/36 MP: 2/2
   812 | D:2      | Found a shattered altar of Ashenzari.
  1378 | D:3      | Reached skill level 3 in Fighting
  1378 | D:3      | Reached skill level 3 in Dodging
  1378 | D:3      | Reached skill level 4 in Unarmed Combat
  1378 | D:3      | Reached XP level 4. HP: 38/45 MP: 3/3
  1412 | D:3      | Found an opulent altar of Gozag.
  1927 | D:4      | Noticed a centaur
  1936 | D:4      | HP: 9/45 [centaur (5)]
  1937 | D:4      | Killed a centaur
  1937 | D:4      | Reached XP level 5. HP: 11/53 MP: 4/4
  2045 | D:4      | Reached skill level 5 in Unarmed Combat
  2125 | D:4      | Reached XP level 6. HP: 26/61 MP: 5/5
  2348 | D:4      | Found a stormy altar of Qazlal.
  2677 | D:5      | Entered Level 5 of the Dungeon
  3009 | D:5      | Found a staircase to the Ecumenical Temple.
  3018 | Temple   | Entered the Ecumenical Temple
  3298 | D:5      | Noticed Sigmund
  3369 | D:5      | Found an ancient bone altar of Kikubaaqudgha.
  3436 | D:5      | Reached skill level 6 in Unarmed Combat
  3486 | D:5      | Reached XP level 7. HP: 66/68 MP: 6/6
  3615 | D:5      | Noticed Pikel
  3657 | D:5      | Reached skill level 4 in Fighting
  3784 | D:5      | Reached skill level 4 in Dodging
  4553 | D:7      | Reached skill level 7 in Unarmed Combat
  4559 | D:7      | Reached XP level 8. HP: 60/79 MP: 7/7
  4667 | D:7      | Noticed drasked's ghost (novice TrMo)
  4833 | D:7      | Reached skill level 5 in Dodging
  4935 | D:7      | Reached skill level 5 in Fighting
  4935 | D:7      | Reached skill level 8 in Unarmed Combat
  5178 | D:7      | HP: 14/80 [drasked's ghost (23)]
  5321 | D:7      | HP: 20/80 [drasked's ghost (19)]
  5322 | D:7      | HP: 8/80 [drasked's ghost (13)]
  5443 | D:7      | HP: 13/80 [drasked's ghost (10)]
  5864 | D:8      | Reached XP level 9. HP: 78/88 MP: 8/8
  5905 | D:8      | Reached skill level 9 in Unarmed Combat
  6009 | D:8      | Noticed Erica
  6015 | D:8      | Killed Erica
  6015 | D:8      | Reached skill level 6 in Fighting
  6015 | D:8      | Reached skill level 6 in Dodging
  6165 | D:8      | Noticed a two-headed ogre
  6281 | D:9      | Noticed Maurice
  6289 | D:9      | Killed Maurice
  6289 | D:9      | Reached skill level 10 in Unarmed Combat
  6386 | D:9      | Noticed a two-headed ogre
  6739 | D:9      | Killed a two-headed ogre
  6739 | D:9      | Reached XP level 10. HP: 97/100 MP: 9/9
  6863 | D:9      | Noticed a two-headed ogre
  6865 | D:9      | Noticed Prince Ribbit
  6987 | D:9      | Killed Prince Ribbit
  6998 | D:9      | Killed a two-headed ogre
  6998 | D:9      | Reached skill level 7 in Fighting
  6998 | D:9      | Reached skill level 7 in Dodging
  6998 | D:9      | Reached skill level 11 in Unarmed Combat
  7486 | D:9      | Noticed a two-headed ogre
  7921 | D:10     | Entered Level 10 of the Dungeon
  7937 | D:10     | Noticed a two-headed ogre
  7946 | D:10     | Killed a two-headed ogre
  8482 | D:10     | Reached skill level 12 in Unarmed Combat
  8495 | D:9      | HP: 23/102 [yak (12)]
  8634 | D:10     | Reached XP level 11. HP: 87/110 MP: 10/10
  8704 | D:10     | Found a staircase to the Orcish Mines.
  8781 | D:10     | Noticed a red ugly thing
  8816 | D:10     | Killed a red ugly thing
  8913 | D:10     | Reached skill level 8 in Fighting
  8984 | D:10     | Found a shadowy altar of Dithmenos.
  9097 | D:10     | Noticed Sonja
  9111 | D:10     | Killed Sonja
  9205 | D:10     | Reached skill level 8 in Dodging
  9295 | D:10     | Found a staircase to the Lair.
  9638 | D:10     | Reached skill level 13 in Unarmed Combat
  9733 | D:10     | Noticed an unseen horror
  9742 | D:10     | Killed an unseen horror
 10063 | Lair:1   | Entered Level 1 of the Lair of Beasts
 10367 | Lair:3   | Found a staircase to the Shoals.
 10507 | Lair:3   | Noticed a death yak
 10508 | Lair:3   | Noticed a death yak
 10508 | Lair:3   | Noticed a death yak
 10508 | Lair:3   | Noticed a death yak
 10509 | Lair:3   | Noticed a death yak
 10509 | Lair:3   | Noticed a death yak
 10576 | Lair:2   | Killed a death yak
 10768 | Lair:2   | Reached XP level 12. HP: 102/122 MP: 11/11
 11007 | Lair:2   | Noticed an eight-headed hydra
 11013 | Lair:2   | Killed an eight-headed hydra
 11118 | Lair:2   | Found a staircase to the Snake Pit.
 11209 | Lair:2   | Reached skill level 9 in Fighting
 11432 | Lair:2   | Reached skill level 14 in Unarmed Combat
 11635 | Lair:2   | Noticed a six-headed hydra
 11644 | Lair:2   | Killed a seven-headed hydra
 11804 | Lair:3   | Killed a death yak
 11804 | Lair:3   | Reached skill level 9 in Dodging
 11867 | Lair:2   | Killed a death yak
 12165 | Lair:3   | Killed a death yak
 12183 | Lair:3   | Killed a death yak
 12306 | Lair:3   | Killed a death yak
 12725 | Lair:5   | Noticed Snorg
 13364 | Lair:4   | Reached skill level 15 in Unarmed Combat
 13378 | Lair:4   | HP: 26/126 [blink frog (16)]
 13733 | Lair:5   | Noticed drasked's ghost (journeyman TrMo)
 13811 | Lair:5   | Killed drasked's ghost
 13811 | Lair:5   | Reached XP level 13. HP: 62/133 MP: 8/12
 13926 | Lair:5   | Found a viscous altar of Jiyva.
 13928 | Lair:5   | Found a staircase to the Slime Pits.
 13935 | Lair:5   | Became a worshipper of Jiyva Jiozutse the Shapeless
 13935 | Lair:5   | Reached * piety under Jiyva
 13935 | Lair:5   | Reached ** piety under Jiyva
 14291 | Lair:1   | Reached skill level 10 in Fighting
 14394 | Lair:1   | Reached skill level 10 in Dodging
 14396 | Lair:1   | Noticed Fannar
 14407 | Lair:1   | Killed Fannar
 14459 | Lair:1   | Reached *** piety under Jiyva
 15805 | Lair:3   | Noticed Harold
 15852 | Lair:3   | Killed Harold
 16008 | Lair:3   | Reached skill level 16 in Unarmed Combat
 16583 | Lair:4   | Gained mutation: You have a somewhat thin skeletal structure. (Dex +2, Stealth) [Jiyva's grace]
 16873 | Lair:5   | Reached **** piety under Jiyva
 17034 | Lair:5   | Noticed Rupert
 17171 | Lair:5   | Slimified Rupert
 17171 | Lair:5   | Noticed Rupert
 17171 | Lair:5   | Rupert changed into Rupert the azure jelly
 17172 | Lair:5   | Gained mutation: Your translucent skin slightly reduces your foes' accuracy. (Stealth) [Jiyva's grace]
 17554 | Lair:6   | Entered Level 6 of the Lair of Beasts
 18307 | Lair:6   | Gained mutation: Your body has grown golden eyes which may confuse attackers. (Acc +3) [Jiyva's grace]
 18617 | Lair:6   | Reached ***** piety under Jiyva
 18622 | Lair:6   | Paralysed by a hornet for 2 turns
 18632 | Lair:6   | Reached XP level 14. HP: 111/144 MP: 13/13
 18637 | Lair:6   | Gained mutation: Your body has grown many golden eyes which may confuse attackers. (Acc +5) [Jiyva's grace]
 19269 | Lair:6   | Reached skill level 17 in Unarmed Combat
 19379 | Lair:6   | Reached skill level 11 in Dodging
 19744 | Lair:3   | Noticed an azure jelly
 19744 | Lair:3   | an eight-headed hydra changed into an azure jelly
 19897 | D:11     | Gained mutation: You have large cloven feet. [Jiyva's grace]
 19943 | D:11     | Reached skill level 11 in Fighting
 20027 | D:11     | Noticed Urug
 20049 | D:11     | Killed Urug
 20153 | D:11     | Gained mutation: You are robust. (+10% HP) [Jiyva's grace]
 20249 | D:11     | Lost mutation: Your body has grown many golden eyes which may confuse attackers. (Acc +5) [Jiyva's grace]
 20301 | D:11     | Found a transporter.
 20325 | D:11     | Reached ****** piety under Jiyva
 20453 | Slime:1  | Entered Level 1 of the Pits of Slime
 20468 | Slime:1  | Noticed an acid blob
 20539 | Slime:4  | Noticed an azure jelly
 20545 | Slime:5  | Entered Level 5 of the Pits of Slime
 20556 | Slime:5  | Noticed an acid blob
 20565 | Slime:5  | Found a viscous altar of Jiyva.
 20565 | Slime:5  | Noticed an azure jelly
 20565 | Slime:5  | Lost mutation: You have large cloven feet. [Jiyva's grace]
 20566 | Slime:5  | Noticed the Royal Jelly
 20566 | Slime:5  | Noticed an azure jelly
 20570 | Slime:5  | Lost mutation: Your translucent skin slightly reduces your foes' accuracy. (Stealth) [Jiyva's grace]
 20578 | Slime:5  | Got a brightly glowing falchion
 20579 | Slime:5  | Gained mutation: Your system is resistant to poisons. (rPois) [Jiyva's grace]
 20581 | Slime:5  | Gained mutation: Your translucent skin slightly reduces your foes' accuracy. (Stealth) [Jiyva's grace]
 20586 | Slime:5  | Got a faintly glowing hand crossbow
 20590 | Slime:5  | Got a slimy rune of Zot
 20592 | Slime:5  | Got a transparent bardiche
 20597 | Slime:5  | Noticed an acid blob
 20604 | Slime:5  | Noticed an acid blob
 20611 | Slime:5  | Killed an acid blob
 20613 | Slime:5  | Identified the +6 bardiche "Tamepih" {vamp, *Noise +Blink SInv} (You found it on level 5 of the Pits of Slime)
 20622 | Slime:5  | Identified the +2 hand crossbow of Osyqosue {freeze, rPois Str+2} (You found it on level 5 of the Pits of Slime)
 20623 | Slime:5  | Identified the cursed +1 falchion of Thoughtfulness {slice, rElec Dex+2} (You found it on level 5 of the Pits of Slime)
 20678 | Slime:5  | Noticed an azure jelly
 20892 | Slime:4  | Noticed an azure jelly
 20979 | Slime:4  | Killed an azure jelly
 21255 | D:11     | Noticed Grum
 21282 | D:11     | Killed Grum
 21429 | D:11     | Found Ugill's Antique Weapon Emporium.
 21640 | D:11     | Gained mutation: You have a small jelly attached to you that senses nearby items. [Jiyva's grace]
 21700 | D:11     | Noticed an azure jelly
 21700 | D:11     | an eight-headed hydra changed into an azure jelly
 22136 | D:11     | Found a corrupted altar of Lugonu.
 22172 | D:11     | Noticed a white very ugly thing
 22393 | D:12     | Lost mutation: You have a somewhat thin skeletal structure. (Dex +2, Stealth) [Jiyva's grace]
 22669 | D:12     | Noticed Azrael
 22686 | D:12     | Killed Azrael
 23175 | D:13     | Gained mutation: Your muscles are strong. (Str +2) [Jiyva's grace]
 23228 | D:13     | Gained mutation: Your magical capacity is low. (-10% MP) [Jiyva's grace]
 23248 | D:13     | HP: 40/160 [12-headed hydra (15)]
 23249 | D:13     | Noticed an azure jelly
 23249 | D:13     | a 12-headed hydra changed into an azure jelly
 23388 | D:13     | Found a gate to the Vaults.
 23648 | D:13     | Lost mutation: Your muscles are strong. (Str +2) [Jiyva's grace]
 24020 | D:14     | Found Asmulun's Distillery.
 24039 | D:14     | Bought a potion of cancellation for 80 gold pieces
 24039 | D:14     | Bought a potion of resistance for 100 gold pieces
 24039 | D:14     | Bought a potion of agility for 40 gold pieces
 24090 | D:14     | Found Necsuni's Antique Weapon Shoppe.
 24150 | D:14     | Reached skill level 18 in Unarmed Combat
 24180 | D:14     | Found Haluumyu's Jewellery Shop.
 24263 | D:14     | Found Otojuivu's Book Shop.
 24268 | D:14     | Found a frozen archway.
 24277 | IceCv    | Entered an ice cave
 24644 | IceCv    | Reached XP level 15. HP: 169/169 MP: 12/12
 24706 | IceCv    | Got a pair of shimmering gloves
 24762 | IceCv    | Found an ancient bone altar of Kikubaaqudgha.
 24798 | IceCv    | Gained mutation: Your translucent skin reduces your foes' accuracy. (Stealth) [Jiyva's grace]
 25223 | D:14     | Found Yczeomno's Food Shop.
 25308 | D:14     | Gained mutation: You are covered in thick fur. (AC +2) [Jiyva's grace]
 25642 | D:15     | Entered Level 15 of the Dungeon
 25680 | D:15     | Gained mutation: You are agile. (Dex +2) [Jiyva's grace]
 25933 | D:15     | Paralysed by an orc sorcerer for 6 turns
 25976 | D:15     | Found a staircase to the Depths.
 25986 | D:15     | Reached skill level 12 in Dodging
 26091 | D:15     | Lost mutation: Your body has grown golden eyes which may confuse attackers. (Acc +3) [Jiyva's grace]
 26437 | D:15     | Reached skill level 12 in Fighting
 26554 | D:15     | Lost mutation: Your system is resistant to poisons. (rPois) [Jiyva's grace]
 26947 | D:13     | Gained mutation: Your rubbery body absorbs attacks. (AC +1, EV +1) [Jiyva's grace]
 27048 | Orc:1    | Entered Level 1 of the Orcish Mines
 27048 | Orc:1    | Noticed an orc warlord
 27063 | Orc:1    | Killed an orc warlord
 27063 | Orc:1    | Paralysed by an orc sorcerer for 2 turns
 27103 | Orc:1    | Gained mutation: You possess an exceptional clarity of mind. [Jiyva's grace]
 27205 | Orc:1    | Found a roughly hewn altar of Beogh.
 27284 | Orc:2    | Entered Level 2 of the Orcish Mines
 27295 | Orc:2    | Found a staircase to the Elven Halls.
 27392 | Orc:2    | Noticed Saint Roka
 27447 | Orc:1    | HP: 31/171 [Saint Roka/divine providence (14)]
 27453 | Orc:1    | HP: 22/256 [Saint Roka/dire flail of protection (5)]
 27455 | Orc:1    | Killed Saint Roka
 27455 | Orc:1    | Reached skill level 19 in Unarmed Combat
 27462 | Orc:1    | Gained mutation: You are partially covered in large bone plates. (SH +4) [Jiyva's grace]
 27679 | Orc:2    | Lost mutation: You possess an exceptional clarity of mind. [Jiyva's grace]
 27684 | Orc:2    | Lost mutation: Your magical capacity is low. (-10% MP) [Jiyva's grace]
 27699 | Orc:2    | Gained mutation: You evolve. [Jiyva's grace]
 27806 | Orc:2    | Gained mutation: Your mind is acute. (Int +2) [Jiyva's grace]
 27856 | Orc:2    | Lost mutation: Your translucent skin reduces your foes' accuracy. (Stealth) [Jiyva's grace]
 27897 | Orc:2    | Lost mutation: You evolve. [Jiyva's grace]
 28042 | Orc:2    | Lost mutation: You have a small jelly attached to you that senses nearby items. [Jiyva's grace]
 28327 | Orc:1    | Found Kaetoepn's Magic Scroll Shop.
 28334 | Orc:1    | Bought a scroll of blinking for 82 gold pieces
 28334 | Orc:1    | Bought a scroll of fear for 38 gold pieces
 28334 | Orc:1    | Bought a scroll of magic mapping for 38 gold pieces
 28334 | Orc:1    | Bought a scroll of teleportation for 33 gold pieces
 28388 | Orc:1    | Lost mutation: You are covered in thick fur. (AC +2) [Jiyva's grace]
 28590 | Orc:2    | Gained mutation: You are covered in slimy tendrils that may disarm your opponents. [Jiyva's grace]
 28662 | Orc:2    | Found Gaciomm's Jewellery Shop.
 28662 | Orc:2    | Found Unac's General Store.
 28664 | Orc:2    | Lost mutation: You are covered in slimy tendrils that may disarm your opponents. [Jiyva's grace]
 28685 | Orc:2    | Found Doicuapt's Armour Shop.
 28685 | Orc:2    | Found Lal Ung's Weapon Emporium.
 28689 | Orc:2    | Gained mutation: You are very agile. (Dex +4) [Jiyva's grace]
 28700 | Orc:2    | Bought a potion of heal wounds for 55 gold pieces
 28704 | Orc:2    | Bought a +2 hat of intelligence for 231 gold pieces
 28714 | Orc:2    | Bought an uncursed amulet of regeneration for 540 gold pieces
 28996 | Snake:1  | Entered Level 1 of the Snake Pit
 29090 | Snake:1  | Reached XP level 16. HP: 81/183 MP: 11/15
 29323 | Snake:1  | Gained mutation: You are partially covered in yellow scales. (AC +2) [Jiyva's grace]
 29650 | Snake:1  | Gained mutation: You are very robust. (+20% HP) [Jiyva's grace]
 30797 | Snake:2  | Found Ilyec's Antique Weapon Boutique.
 30812 | Snake:2  | Reached skill level 20 in Unarmed Combat
 30853 | Snake:2  | Noticed Donald
 30854 | Snake:2  | Lost mutation: Your mind is acute. (Int +2) [Jiyva's grace]
 30870 | Snake:2  | Reached skill level 13 in Dodging
 30878 | Snake:2  | Killed Donald
 30887 | Snake:2  | Gained mutation: Your muscles are strong. (Str +2) [Jiyva's grace]
 30911 | Snake:2  | Noticed Aizul
 30915 | Snake:2  | Lost mutation: Your muscles are strong. (Str +2) [Jiyva's grace]
 30963 | Snake:2  | Lost mutation: You are very agile. (Dex +4) [Jiyva's grace]
 31046 | Snake:2  | Killed Aizul
 31339 | Snake:3  | Lost mutation: You are very robust. (+20% HP) [Jiyva's grace]
 31455 | Snake:3  | Reached skill level 13 in Fighting
 31508 | Snake:3  | Noticed Asterion
 31517 | Snake:3  | Slimified Asterion
 31517 | Snake:3  | Noticed Asterion
 31517 | Snake:3  | Asterion changed into Asterion the azure jelly
 31846 | Snake:3  | Gained mutation: Scrolls take you a little longer to read. [Jiyva's grace]
 32369 | Snake:4  | Entered Level 4 of the Snake Pit
 32372 | Snake:4  | Found Ilokac's Jewellery Shoppe.
 32903 | Snake:4  | Gained mutation: You can translocate small distances at will. [Jiyva's grace]
 32972 | Snake:4  | Reached XP level 17. HP: 163/193 MP: 16/16
 33103 | Snake:4  | Lost mutation: Scrolls take you a little longer to read. [Jiyva's power]
 33157 | Snake:4  | Lost mutation: You are robust. (+10% HP) [Jiyva's grace]
 33600 | Snake:4  | Gained mutation: You have very sharp teeth. [Jiyva's grace]
 33635 | Snake:4  | Gained mutation: Your body has grown golden eyes which may confuse attackers. (Acc +3) [Jiyva's grace]
 33752 | Snake:4  | Reached skill level 21 in Unarmed Combat
 33769 | Snake:4  | HP: 44/178 [salamander/enchanted halberd (5)]
 33774 | Snake:4  | Got a serpentine rune of Zot
 33774 | Snake:4  | HP: 44/178 [poisoned by a nagaraja (splash of poison)]
 33944 | Snake:4  | Lost mutation: You can translocate small distances at will. [Jiyva's grace]
 33985 | Snake:4  | Gained mutation: Your mind is acute. (Int +2) [Jiyva's grace]
 34236 | Snake:3  | Gained mutation: Armour fits poorly on your pseudopods. [Jiyva's grace]
 34252 | Snake:3  | HP: 44/178 [naga warrior/trident of venom (1)]
 34257 | Snake:3  | HP: 44/178 [poisoned by a naga warrior]
 34262 | Snake:3  | HP: 35/178 [poisoned by a naga warrior]
 34267 | Snake:3  | HP: 31/178 [poisoned by a naga warrior]
 34272 | Snake:3  | HP: 31/178 [poisoned by a naga warrior]
 34277 | Snake:3  | HP: 33/178 [poisoned by a naga warrior]
 34282 | Snake:3  | HP: 37/178 [poisoned by a naga warrior]
 34288 | Snake:3  | HP: 42/178 [poisoned by a naga warrior]
 34506 | Snake:1  | Gained mutation: You have supernaturally acute eyesight. (SInv) [Jiyva's grace]
 34565 | Shoals:1 | Entered Level 1 of the Shoals
 34620 | Shoals:1 | Lost mutation: Your translucent skin slightly reduces your foes' accuracy. (Stealth) [Jiyva's grace]
 34684 | Shoals:1 | Lost mutation: You have supernaturally acute eyesight. (SInv) [Jiyva's grace]
 34877 | Shoals:2 | Gained mutation: You are somewhat resistant to further mutation. [Jiyva's grace]
 34892 | Shoals:2 | You fall through a shaft!
 34922 | Shoals:3 | Noticed Roxanne
 34993 | Shoals:3 | Lost mutation: You are somewhat resistant to further mutation. [Jiyva's grace]
 35065 | Shoals:2 | Gained mutation: You are robust. (+10% HP) [Jiyva's grace]
 35078 | Shoals:4 | Entered Level 4 of the Shoals
 35114 | Shoals:4 | Reached skill level 14 in Dodging
 35287 | Shoals:4 | Lost mutation: You are agile. (Dex +2) [Jiyva's grace]
 35308 | Shoals:4 | Got a shimmering marble ring
 35346 | Shoals:4 | Found Fijanus's Book Shop.
 35393 | Shoals:3 | HP: 41/196 [merfolk impaler/trident of flaming (13)]
 35394 | Shoals:3 | Noticed an acid blob
 35394 | Shoals:3 | a merfolk impaler changed into an acid blob
 35398 | Shoals:3 | HP: 36/196 [merfolk impaler/trident of flaming (4)]
 35406 | Shoals:3 | HP: 41/196 [merfolk/trident (13)]
 35413 | Shoals:3 | HP: 33/196 [merfolk/trident (4)]
 35422 | Shoals:3 | Lost mutation: Your mind is acute. (Int +2) [Jiyva's grace]
 35553 | Shoals:3 | Identified the ring of the Ancients {Ice Str+4 Int+2 Stlth+} (You found it on level 4 of the Shoals)
 35861 | Shoals:4 | Lost mutation: You are partially covered in yellow scales. (AC +2) [Jiyva's grace]
 36003 | Shoals:4 | Reached XP level 18. HP: 103/206 MP: 7/17
 36031 | Shoals:4 | Gained mutation: Armour fits poorly on your large pseudopods. [Jiyva's grace]
 36127 | Shoals:4 | HP: 41/206 [merfolk javelineer/silver javelin (23)]
 36130 | Shoals:4 | HP: 16/206 [merfolk impaler/demon trident of freezing (11)]
 36130 | Shoals:4 | HP: 1/206 [merfolk javelineer/silver javelin (12)]
 36130 | Shoals:4 | Hit by a silver javelin thrown by a merfolk javelineer

Vault maps used:
D:1:      dpeg_arrival_rooms_c, minivault_5
D:2:      evilmike_ruin_ashenzari
D:3:      first_bread, nicolae_gozag_seed_capital
D:4:      kennysheep_crisscross, grunt_qazlal_sundering
D:5:      wad_pebble_path, lemuel_coloured_pillars_altar,
          minmay_temple_entry_butterflies, minmay_misc_feat_encased, uniq_pikel,
          uniq_sigmund
D:6:      minmay_tree_intersection
D:8:      uniq_erica
D:9:      uniq_maurice, uniq_prince_ribbit1
D:10:     hangedman_cross_stitches, david_lair_generic, zombieorc2_lemuel,
          basic_altar, hangedman_fish_farm, uniq_sonja
D:11:     gammafunk_corrupted_shrine, serial_shops, kennysheep_mini_moat,
          small_chamber_with_monster, uniq_grum, uniq_urug
D:12:     uniq_azrael
D:13:     david_vaults_1
D:14:     serial_shops, shop, nicolae_shop_stone, shop_statue,
          nicolae_shop_overgrown_old_shop, shop,
          portal_ice_cave_entry_pillars_1, minmay_staircase_windowed_small,
          nicolae_twisting_strands, minmay_nine_imps
D:15:     grunt_enter_depths_magical_seal, solitary_fountain
Temple:   dpeg_three_leaves_temple
Lair:1:   cheibrodos_lair_river_kwai, serial_bayou, serial_bayou_shore_a,
          serial_bayou_pond_a, serial_bayou_pond_e, serial_bayou_pond_c,
          serial_bayou_pond_b, serial_bayou_ford_a, grunt_megastairs_4,
          uniq_fannar
Lair:2:   minmay_snake_entry_guardpost_small, lemuel_old_faithful,
          minmay_lair_oklob_chamber
Lair:3:   minmay_shoals_entry_lonely_mermaid, minmay_hedge_maze,
          serial_bayou_shore_b, uniq_harold
Lair:4:   grunt_megastairs_5
Lair:5:   slime_altar_1, infiniplex_staircase_pool_2, grunt_megastairs_3,
          uniq_snorg, uniq_rupert
Lair:6:   minmay_lair_end_enchanted_forest, special_room,
          grunt_forest_small_clearing_treed, lemuel_fruit_tree
Shoals:1: ldierk_geyser, nicolae_island_escapes
Shoals:3: uniq_roxanne
Shoals:4: shoals_end_grunt_ice, shoals_ilsuiw_alternative, serial_shops,
          nicolae_shop_crystal
Snake:2:  serial_shops, nicolae_shop_stone, basic_stair_grate_trap, uniq_donald,
          uniq_aizul
Snake:3:  hangedman_venom_bottle, serial_bayou_shore_b, uniq_asterion
Snake:4:  snake_pit, minmay_shop_star
Slime:1:  nicolae_slime_phagocytosis
Orc:1:    nicolae_orc_accident_1, serial_shops, shop, mines2_david
Orc:2:    grunt_orc_tribal_feast, lab_entry_generic, uniq_saint_roka
IceCv:    ice_cave_small_necro

Skill      XL: |  1  2  3  4  5  6  7  8  9 10 11 12 13 14 15 16 17 |
---------------+----------------------------------------------------+-----
Fighting       | 3 4 5 6 7 8 9 10 11 12 13 | 13.9
Dodging        | 3 4 5 6 7 8 9 10 11 12 13 14 | 14.2
Unarmed Combat | 4 5 6 7 8 10 12 13 15 16 18 19 20 21 | 21.8
Stealth        | |  1.0

Action                   |  1- 3 |  4- 6 |  7- 9 | 10-12 | 13-15 | 16-18 || total
-------------------------+-------+-------+-------+-------+-------+-------++-------
Melee: Unarmed           |    90 |   117 |   227 |   608 |  1467 |  1127 ||  3636
       Punch             |     1 |     2 |     6 |    53 |   199 |   176 ||   437
       Kick              |       |       |       |       |    15 |       ||    15
       Pseudopods        |       |       |       |       |       |   137 ||   137
       Bite              |       |       |       |       |       |    86 ||    86
Invok: Request Jelly     |       |       |       |       |     6 |    21 ||    27
       Slimify           |       |       |       |       |     4 |     3 ||     7
       Cure Bad Mutation |       |       |       |       |       |     2 ||     2
 Abil: Blink             |       |       |       |       |       |     1 ||     1
Evoke: Wand              |       |       |       |     6 |    11 |       ||    17
  Use: Scroll            |       |       |       |    28 |    11 |     3 ||    42
       Potion            |       |       |       |     1 |     3 |     6 ||    10
 Stab: Sleeping          |     3 |     3 |     5 |     1 |    13 |     3 ||    28
       Distracted        |       |     1 |       |       |     4 |     3 ||     8
       Confused          |       |       |       |       |    11 |     3 ||    14
  Eat: Chunk             |    18 |    18 |    31 |    72 |    74 |     5 ||   218
Armor: Robe              |    25 |    20 |    32 |    68 |    64 |       ||   209
       Skin              |       |       |       |    17 |    40 |       ||    57
       Troll leather arm |       |       |       |       |   108 |   162 ||   270
Dodge: Dodged            |    29 |    54 |    95 |   305 |   988 |   986 ||  2457
Block: Other             |       |       |       |       |    18 |   169 ||   187

Vault maps used:
D:1:      dpeg_arrival_rooms_c, minivault_5
D:2:      evilmike_ruin_ashenzari
D:3:      first_bread, nicolae_gozag_seed_capital
D:4:      kennysheep_crisscross, grunt_qazlal_sundering
D:5:      wad_pebble_path, lemuel_coloured_pillars_altar,
          minmay_temple_entry_butterflies, minmay_misc_feat_encased, uniq_pikel,
          uniq_sigmund
D:6:      minmay_tree_intersection
D:8:      uniq_erica
D:9:      uniq_maurice, uniq_prince_ribbit1
D:10:     hangedman_cross_stitches, david_lair_generic, zombieorc2_lemuel,
          basic_altar, hangedman_fish_farm, uniq_sonja
D:11:     gammafunk_corrupted_shrine, serial_shops, kennysheep_mini_moat,
          small_chamber_with_monster, uniq_grum, uniq_urug
D:12:     uniq_azrael
D:13:     david_vaults_1
D:14:     serial_shops, shop, nicolae_shop_stone, shop_statue,
          nicolae_shop_overgrown_old_shop, shop,
          portal_ice_cave_entry_pillars_1, minmay_staircase_windowed_small,
          nicolae_twisting_strands, minmay_nine_imps
D:15:     grunt_enter_depths_magical_seal, solitary_fountain
Temple:   dpeg_three_leaves_temple
Lair:1:   cheibrodos_lair_river_kwai, serial_bayou, serial_bayou_shore_a,
          serial_bayou_pond_a, serial_bayou_pond_e, serial_bayou_pond_c,
          serial_bayou_pond_b, serial_bayou_ford_a, grunt_megastairs_4,
          uniq_fannar
Lair:2:   minmay_snake_entry_guardpost_small, lemuel_old_faithful,
          minmay_lair_oklob_chamber
Lair:3:   minmay_shoals_entry_lonely_mermaid, minmay_hedge_maze,
          serial_bayou_shore_b, uniq_harold
Lair:4:   grunt_megastairs_5
Lair:5:   slime_altar_1, infiniplex_staircase_pool_2, grunt_megastairs_3,
          uniq_snorg, uniq_rupert
Lair:6:   minmay_lair_end_enchanted_forest, special_room,
          grunt_forest_small_clearing_treed, lemuel_fruit_tree
Shoals:1: ldierk_geyser, nicolae_island_escapes
Shoals:3: uniq_roxanne
Shoals:4: shoals_end_grunt_ice, shoals_ilsuiw_alternative, serial_shops,
          nicolae_shop_crystal
Snake:2:  serial_shops, nicolae_shop_stone, basic_stair_grate_trap, uniq_donald,
          uniq_aizul
Snake:3:  hangedman_venom_bottle, serial_bayou_shore_b, uniq_asterion
Snake:4:  snake_pit, minmay_shop_star
Slime:1:  nicolae_slime_phagocytosis
Orc:1:    nicolae_orc_accident_1, serial_shops, shop, mines2_david
Orc:2:    grunt_orc_tribal_feast, lab_entry_generic, uniq_saint_roka
IceCv:    ice_cave_small_necro

Table legend:
 A = Turns spent in this place as a percentage of turns spent in the entire game.
 B = Non-inter-level travel turns spent in this place as a percentage of non-inter-level travel turns spent in the entire game.
 C = Inter-level travel turns spent in this place as a percentage of turns spent in this place.
 D = Turns resting spent in this place as a percentage of non-inter-level travel turns spent in this place.
 E = Turns spent auto-exploring this place as a percentage of non-inter-level travel turns spent in this place.
 F = Non-inter-level travel turns spent in this place divided by the number of levels of this place that you've seen.
                   A       B       C       D       E      F
               +-------+-------+-------+-------+-------+----------------------
         Total | 100.0 | 100.0 |   0.5 |   3.2 |   4.5 | 444.5
       Dungeon |  37.9 |  37.8 |   0.6 |   2.6 |   7.4 | 426.0
        Temple |   0.2 |   0.1 |   3.8 |   0.0 |  48.0 |  25.0
          Lair |  24.4 |  24.5 |   0.4 |   3.0 |   2.2 | 688.8
        Shoals |   8.7 |   8.7 |   0.2 |   1.4 |   0.3 | 366.8
     Snake Pit |  18.5 |  18.5 |   0.3 |   6.4 |   2.8 | 780.8
    Slime Pits |   1.2 |   1.2 |   1.9 |   0.0 |  16.5 |  41.2
  Orcish Mines |   6.6 |   6.6 |   0.4 |   0.9 |   4.2 | 554.0
      Ice Cave |   2.6 |   2.6 |   0.0 |   3.6 |   1.6 | 439.0
               +-------+-------+-------+-------+-------+----------------------

Table legend:
 A = Kills in this place as a percentage of kills in entire the game.
 B = Kills by you in this place as a percentage of kills by you in the entire game.
 C = Kills by friends in this place as a percentage of kills by friends in the entire game.
 D = Other kills in this place as a percentage of other kills in the entire game.
 E = Experience gained in this place as a percentage of experience gained in the entire game.
 F = Experience gained in this place divided by the number of levels of this place that you have seen.
                   A       B       C       D       E      F
               +-------+-------+-------+-------+-------+----------------------
         Total | 100.0 | 100.0 |  -nan | 100.0 | 100.0 | 7750.6
       Dungeon |  39.8 |  39.8 |  -nan |  40.0 |  22.9 | 4496.6
          Lair |  19.9 |  20.0 |  -nan |   0.0 |  18.6 | 9124.8
        Shoals |   8.7 |   8.6 |  -nan |  20.0 |  14.6 | 10768.5
     Snake Pit |  17.6 |  17.6 |  -nan |  20.0 |  33.8 | 24899.2
  Orcish Mines |   9.0 |   9.0 |  -nan |   0.0 |   7.8 | 11559.5
      Ice Cave |   5.0 |   5.0 |  -nan |  20.0 |   2.2 | 6536.0
               +-------+-------+-------+-------+-------+----------------------
